 Dungeon Crawl Stone Soup version 0.21.0-37-g46506fa (webtiles) character file.

113 xpss2001 the Ruffian (level 4, -12/35 HPs)
             Began as a Draconian Transmuter on Jan 31, 2018.
             Mangled by a sickly merfolk siren
             ... wielding a +0 spear
              (16 damage)
             ... in a sewer.
             The game lasted 00:06:51 (2021 turns).

xpss2001 the Ruffian (Draconian Transmuter)         Turns: 2021, Time: 00:06:51

Health: -12/35     AC:  6    Str: 14    XL:     4   Next: 65%
Magic:  8/8        EV: 12    Int: 13    God:
Gold:   105        SH:  0    Dex: 11    Spells: 5/8 levels left

rFire    . . .     SeeInvis .     - Unarmed
rCold    . . .     Gourm    .   (no shield)
rNeg     . . .     Faith    .   (armour unavailable)
rPois    .         Spirit   .   (helmet restricted)
rElec    .         Reflect  .   d - +0 cloak
rCorr    .         Harm     .   (no gloves)
MR       .....                  (no boots)
Stlth    +.........             (no amulet)
HPRegen  0.11/turn              (no ring)
MPRegen  0.11/turn              (no ring)

@: berserk cooldown, slowed, very slow
A: unfitting armour, cold-blooded, AC +5
a: no special abilities


You were in a sewer.
You were not hungry.

You visited 1 branch of the dungeon, and saw 3 of its levels.
You also visited: Sewer.

You collected 105 gold pieces.

Inventory:

Missiles
 a - 71 arrows
Armour
 d - a +0 cloak (worn)
Jewellery
 j - an uncursed ring of flight
Potions
 e - a potion of curing
 f - a potion of berserk rage
 h - a potion of haste
Books
 b - a book of Changes

   Spells                             Type                      Level
   a - Beastly Appendage              Transmutation                1
   b - Sticks to Snakes               Transmutation                2
   c - Spider Form                    Transmutation/Poison         3
   d - Ice Form                       Ice/Transmutation            4
   e - Blade Hands                    Transmutation                5
Comestibles
 c - 4 rations
 o - 2 chunks of flesh


   Skills:
 - Level 1.1 Fighting
 - Level 1.7 Dodging
 * Level 4.1 Unarmed Combat
 + Level 2.7 Spellcasting
 * Level 3.4 Transmutations


You had 5 spell levels left.
You knew the following spells:

 Your Spells              Type           Power        Failure   Level  Hunger
a - Beastly Appendage     Tmut           ##....       6%          1    #......
b - Sticks to Snakes      Tmut           ##......     9%          2    ###....


Dungeon Overview and Level Annotations

Branches:
Dungeon (3/15)

Altars:


Innate Abilities, Weirdness & Mutations

Your plain brown scales are hard. (AC +5)
You cannot fit into any form of body armour.
You are cold-blooded and may be slowed by cold attacks.


Message History

You barely miss the sickly merfolk siren.
The sickly merfolk siren misses you.
The leopard gecko bites you but does no damage.
Your unstable footing causes you to fumble your attack.
The leopard gecko bites you.
* * * LOW HITPOINT WARNING * * *
The sickly merfolk siren hits you with a spear.
* * * LOW HITPOINT WARNING * * *
You closely miss the sickly merfolk siren.
Your unstable footing causes you to fumble your attack.
You are no longer berserk.
You are exhausted.
You feel yourself slow down. The leopard gecko misses you.
The sickly merfolk siren chants a haunting song.
You easily resist.
You closely miss the sickly merfolk siren.
You tail-slap the sickly merfolk siren, but do no damage.
The leopard gecko barely misses you.
The sickly merfolk siren hits you with a spear!
You die...

## ##≈ ###≈≈ #∩∩≈≈
##### ########
##########≈≈ #..$..!#
#S≈≈≈≈≈≈≈≈≈≈
#...≈.?###≈≈≈########
####@###≈≈≈#%#
#≈≈≈lml≈≈≈##l#
#≈≈≈r≈......l#
#≈≈≈...#######
≈≈≈≈...## ##≈...###
#####


You could see a sickly merfolk siren, 2 leopard geckos and a rat.

Vanquished Creatures
  5 adders
  A river rat (Sewer)
  3 worms (D:2)
  2 leopard geckos
  A giant cockroach (D:3)
  5 goblins
  5 hobgoblins
  5 jackals (D:2)
  A ball python (Sewer)
  2 bats
  6 frilled lizards
  8 kobolds
  12 rats
56 creatures vanquished.

Vanquished Creatures (collateral kills)
  A goblin (D:2)
1 creature vanquished.

Grand Total: 57 creatures vanquished

Notes
Turn   | Place    | Note
-------+----------+-------------------------------------------
     0 | D:1      | xpss2001 the Draconian Transmuter began the quest for the Orb.
     0 | D:1      | Reached XP level 1. HP: 16/16 MP: 3/3
    81 | D:1      | Reached XP level 2. HP: 15/23 MP: 5/5
   581 | D:2      | Learned a level 2 spell: Sticks to Snakes
   647 | D:2      | Reached XP level 3. HP: 22/28 MP: 3/6
  1424 | D:2      | Reached XP level 4. HP: 29/35 MP: 5/7
  1620 | D:3      | Reached skill level 4 in Unarmed Combat
  1727 | D:3      | Found a glowing drain.
  1736 | Sewer    | Entered a sewer
  2021 | Sewer    | Mangled by a sickly merfolk siren

Skill      XL: |  1  2  3  4 |
---------------+-------------+-----
Transmutations | 3 |  3.4
Unarmed Combat | 4 |  4.1
Fighting       | |  1.1
Dodging        | |  1.7
Spellcasting   | |  2.7

Action                   |  1- 3 |  4- 6 || total
-------------------------+-------+-------++-------
Melee: Unarmed           |   131 |    48 ||   179
       Tailslap          |    11 |     8 ||    19
       Kick              |    10 |     2 ||    12
       Headbutt          |     2 |     2 ||     4
 Cast: Beastly Appendage |    14 |    11 ||    25
       Sticks to Snakes  |     4 |       ||     4
  Use: Scroll            |       |     8 ||     8
       Potion            |       |     4 ||     4
  Eat: Chunk             |     2 |       ||     2
       Ration            |       |     1 ||     1
Armor: Skin              |    38 |    11 ||    49
Dodge: Dodged            |    80 |    25 ||   105
